 Dungeon Crawl Stone Soup version 0.18-a0-1327-gce91241 (webtiles) character file.

1889 Oddball22 the Thaumaturge (level 8, -10/41 HPs)
             Began as a Deep Elf Conjurer on Feb 16, 2016.
             Was a Believer of Sif Muna.
             Killed by divine providence
             ... invoked by an orc priest
              (13 damage)
             ... on level 7 of the Dungeon.
             The game lasted 00:25:09 (6854 turns).

Oddball22 the Thaumaturge (Deep Elf Conjurer)       Turns: 6854, Time: 00:25:09

Health: -10/41     AC:  4    Str:  5    XL:     8   Next: 92%
Magic:  11/25      EV: 13    Int: 23    God:    Sif Muna [**....]
Gold:   285        SH:  0    Dex: 15    Spells: 8 memorised, 5 levels left

rFire  . . .     SeeInvis .     (no weapon)
rCold  . . .     Gourm    .     a - +0 robe
rNeg   . . .     Faith    .     (no shield)
rPois  +         Spirit   .     (no helmet)
rElec  .         Dismiss  .     j - +0 cloak
rCorr  .         Reflect  .     (no gloves)
SustAt .         Harm     .     f - +0 pair of boots
MR     .....                    F - amulet of rage
Stlth  ++........               (no ring)
                                r - ring of poison resistance

@: not resistant to hostile enchantments, unstealthy
A: no striking features
a: Channel Energy, Renounce Religion, Evoke Berserk Rage


You were on level 7 of the Dungeon.
You worshipped Sif Muna.
Sif Muna was pleased with you.
You were not hungry.

You visited 2 branches of the dungeon, and saw 8 of its levels.
You also visited: Ossuary.

You collected 285 gold pieces.

Inventory:

Missiles
 k - 3 javelins (quivered)
Armour
 a - a +0 robe (worn)
 e - a +2 shield
 f - a +0 pair of boots (worn)
 j - a +0 cloak (worn)
Jewellery
 r - a ring of poison resistance (left hand)
 F - an amulet of rage (around neck)
Wands
 G - a wand of slowing (17/48)
Scrolls
 g - 8 scrolls of identify {unknown}
 m - 2 scrolls of remove curse {unknown}
 n - 3 scrolls of blinking {unknown}
 o - 4 scrolls of noise {unknown}
 p - 3 scrolls of teleportation {unknown}
 u - 2 scrolls of fog {unknown}
 w - 3 scrolls of enchant weapon {unknown}
 x - a scroll of magic mapping {unknown}
 y - a scroll of enchant armour {unknown}
 z - a scroll of fear {unknown}
 H - a scroll of recharging {unknown}
 I - 3 scrolls of immolation {unknown}
 J - 5 scrolls of random uselessness {unknown}
Potions
 d - 11 potions of degeneration {unknown}
 i - 2 potions of agility
 l - 2 potions of heal wounds {unknown}
 q - 3 potions of curing {unknown}
 t - 2 potions of brilliance {unknown}
 A - a potion of magic {unknown}
 B - 2 potions of resistance {unknown}
 C - 2 potions of mutation {unknown}
 D - a potion of ambrosia {unknown}
 E - 2 potions of flight {unknown}
 K - a potion of haste {unknown}
 L - a potion of lignification
Books
 b - a book of Conjurations

   Spells                             Type                      Level
   a - Magic Dart                     Conjuration                  1
   b - Searing Ray                    Conjuration                  2
   c - Dazzling Spray                 Conjuration/Hexes            3
   d - Fulminant Prism                Conjuration/Hexes            4
   e - Iskenderun's Mystic Blast      Conjuration                  4
   f - Iskenderun's Battlesphere      Conjuration/Charms           5
 h - Jessica's Volume of Sinister Rites
   (You found it on level 2 of the Dungeon)

   Spells                             Type                      Level
   a - Animate Skeleton               Necromancy                   1
   b - Pain                           Necromancy                   1
 v - a book of Unlife

   Spells                             Type                      Level
   a - Recall                         Summoning/Translocation      3
   b - Animate Dead                   Necromancy                   4
   c - Control Undead                 Necromancy                   4
   d - Cigotuvi's Embrace             Necromancy                   5
   e - Death Channel                  Necromancy                   6
   f - Simulacrum                     Ice/Necromancy               6
Comestibles
 c - 6 bread rations
 s - 2 meat rations


   Skills:
 - Level 3.0 Dodging
 - Level 2.4 Stealth
 + Level 11.3 Spellcasting
 - Level 6.5 Conjurations
 * Level 7.0 Necromancy
 - Level 1.4 Invocations


You had 5 spell levels left.
You knew the following spells:

 Your Spells              Type           Power        Failure   Level  Hunger
a - Magic Dart            Conj           ####         1%          1    None
b - Searing Ray           Conj           #####.       1%          2    None
c - Pain                  Necr           ####         1%          1    None
d - Animate Skeleton      Necr           N/A          1%          1    None
e - Animate Dead          Necr           N/A          3%          4    None
f - Control Undead        Necr           #####.....   3%          4    None
g - Cigotuvi's Embrace    Necr           #####.....   10%         5    ####...
h - Death Channel         Necr           #####.....   50%         6    #####..


Dungeon Overview and Level Annotations

Branches:
Dungeon (7/15)             Temple (1/1) D:5

Altars:
Ashenzari
Cheibriados
Dithmenos
Elyvilon
Fedhas
Gozag
Kikubaaqudgha
Makhleb
Okawaru
Pakellas
Ru
Sif Muna
Trog
Vehumet
Xom
Yredelemnul
Zin
The Shining One

Shops:
D:6 =


Message History

Confirm with . or Enter, or press ? or * to list all spells.
Aiming: Searing Ray
Press: ? - help, Shift-Dir - straight line, f/p - orc wizard
Aim: an orc wizard, wielding a dagger and wearing a robe (moderately wounded)
The searing ray hits the orc wizard.
The orc wizard is almost dead.
The searing ray hits the orc wizard.
You kill the orc wizard!
Your Necromancy skill increases to level 7!
The searing ray hits the orc priest.
The orc priest is heavily wounded.
The orc priest mumbles some strange prayers to Beogh against you.
Something smites you!
* * * LOW HITPOINT WARNING * * *
You hear a shout!
The searing ray hits the orc priest.
You kill the orc priest!
The orc priest mumbles some strange prayers to Beogh against you.
Something smites you!
You die...

####.###
#......#
#......####.
#........ooo
#.......>#
#....o.# #)#
#.# #@# #.#
.# #.# .#
####.##.#
#.......#
##.......#
#........#
##
#.......##
#8##..#8.[.#


You could see an orc priest.

Vanquished Creatures
  Grinder (D:5)
  Eustachio (D:6)
  Duvessa (D:5)
  An ice beast (D:6)
  3 ogres
  A centaur (D:5)
  2 giant frogs
  Dowan (D:5)
  A scorpion (D:5)
  A crimson imp (D:6)
  A centaur zombie (Ossuary)
  2 orc priests (D:7)
  2 hounds
  3 orc wizards (D:7)
  2 giant frog skeletons
  Jessica (D:2)
  5 worker ants
  A big kobold zombie (Ossuary)
  A hound skeleton (D:4)
  5 mummies (Ossuary)
  Robin (D:3)
  3 gnolls (D:5)
  11 adders
  2 adder skeletons
  2 worms
  5 giant geckos
  13 orcs
  A ball python (D:3)
  16 goblins
  8 hobgoblins
  8 quokkas
  4 bats
  4 giant newts
  2 gnoll zombies (Ossuary)
  2 goblin zombies (Ossuary)
  A hobgoblin zombie (Ossuary)
  A jackal skeleton (D:5)
  8 kobolds
  A kobold zombie (Ossuary)
  A quokka skeleton (D:6)
  4 rats
134 creatures vanquished.

Notes
Turn   | Place    | Note
--------------------------------------------------------------
     0 | D:1      | Oddball22 the Deep Elf Conjurer began the quest for the Orb.
     0 | D:1      | Reached XP level 1. HP: 10/10 MP: 6/6
   610 | D:1      | Reached XP level 2. HP: 15/15 MP: 5/8
   619 | D:1      | Learned a level 2 spell: Searing Ray
  1108 | D:2      | Reached XP level 3. HP: 19/19 MP: 1/10
  1451 | D:2      | Noticed Jessica
  1463 | D:2      | Killed Jessica
  1463 | D:2      | Reached skill level 5 in Spellcasting
  1463 | D:2      | Reached XP level 4. HP: 13/24 MP: 2/13
  1561 | D:2      | Identified Jessica's Volume of Sinister Rites
  1903 | D:3      | Found a faded altar to an unknown god.
  1906 | D:3      | Noticed Robin
  1956 | D:3      | Killed Robin
  1956 | D:3      | Reached skill level 5 in Conjurations
  2217 | D:3      | Reached skill level 6 in Spellcasting
  2639 | D:4      | Reached XP level 5. HP: 28/28 MP: 12/15
  2820 | D:4      | Noticed an ogre
  2827 | D:4      | Killed an ogre
  2827 | D:4      | Reached skill level 7 in Spellcasting
  3018 | D:4      | Reached XP level 6. HP: 18/32 MP: 10/18
  3822 | D:5      | Entered Level 5 of the Dungeon
  3872 | D:5      | Reached skill level 8 in Spellcasting
  3898 | D:5      | Noticed Grinder
  4222 | D:5      | Killed Grinder
  4222 | D:5      | Reached skill level 9 in Spellcasting
  4222 | D:5      | Reached XP level 7. HP: 36/36 MP: 11/21
  4406 | D:5      | Found a staircase to the Ecumenical Temple.
  4414 | Temple   | Entered the Ecumenical Temple
  4508 | Temple   | Became a worshipper of Sif Muna the Loreminder
  4551 | D:5      | Learned a level 1 spell: Pain
  4553 | D:5      | Learned a level 1 spell: Animate Skeleton
  4558 | D:5      | Learned a level 4 spell: Animate Dead
  4563 | D:5      | Learned a level 4 spell: Control Undead
  4592 | D:5      | Reached skill level 10 in Spellcasting
  4592 | D:5      | Reached skill level 1 in Necromancy
  4758 | D:5      | Reached skill level 1 in Invocations
  4855 | D:5      | Reached XP level 8. HP: 41/41 MP: 18/24
  5087 | D:5      | Noticed Dowan
  5091 | D:5      | Noticed Duvessa
  5116 | D:5      | Killed Dowan
  5117 | D:5      | Killed Duvessa
  5390 | D:6      | Noticed Eustachio
  5469 | D:6      | Killed Eustachio
  5469 | D:6      | Reached * piety under Sif Muna
  5483 | D:6      | Found Viusu's Jewellery Emporium.
  5621 | D:6      | Learned a level 5 spell: Cigotuvi's Embrace
  5628 | D:6      | Learned a level 6 spell: Death Channel
  5706 | D:6      | Reached skill level 5 in Necromancy
  5965 | D:6      | Reached skill level 11 in Spellcasting
  6114 | D:7      | Found a sand-covered staircase.
  6394 | Ossuary  | Entered an ossuary
  6464 | Ossuary  | Reached ** piety under Sif Muna
  6852 | D:7      | HP: 2/41 [orc priest/divine providence (11)]
  6854 | D:7      | Killed from afar by an orc priest

Vault maps used:
D:1:      matt_arrival_diagonals
D:2:      kennysheep_jessica_study
D:3:      ecumenical_altar_1, minmay_misc_feat_secret_circle, uniq_robin
D:4:      first_bread
D:5:      kennysheep_generic_room_4, uniq_duvessa, uniq_grinder
D:6:      serial_shops, shop, uniq_pikel, uniq_eustachio
D:7:      lightli_ossuary_entry_decrepit_ruins
Temple:   kilobyte_greek_temple_18
Ossuary:  ossuary_crypta

Action                   |  1- 3 |  4- 6 |  7- 9 || total
-------------------------+-------+-------+-------++-------
Melee: Unarmed           |       |       |    10 ||    10
 Cast: Magic Dart        |    53 |   139 |   162 ||   354
       Searing Ray       |     2 |     7 |    15 ||    24
       Cigotuvi's Embrac |       |       |     1 ||     1
  Use: Potion            |       |       |     1 ||     1
  Eat: Chunk             |     1 |     9 |     6 ||    16
       Beef jerky        |       |       |     1 ||     1
